 Dungeon Crawl Stone Soup version 0.18.1-51-gd549091e01 (webtiles) character file.

3131 magog001 the Protected (level 9, -12/82 HPs)
             Began as a Minotaur Fighter on Mar 25, 2020.
             Was a Priest of Nemelex Xobeh.
             Killed from afar by a molten gargoyle (14 damage)
             ... with a bolt of magma
             ... on level 9 of the Dungeon.
             The game lasted 00:44:03 (9008 turns).

magog001 the Protected (Minotaur Fighter)           Turns: 9008, Time: 00:44:04

Health: -12/82     AC: 20    Str: 24    XL:     9   Next: 61%
Magic:  17/17      EV:  7    Int:  5    God:    Nemelex Xobeh [***...]
Gold:   500        SH: 11    Dex: 10    Spells: 0 memorised, 8 levels left

rFire  . . .     SeeInvis .     a - +2 war axe
rCold  + . .     Gourm    .     P - +3 chain mail {rC+}
rNeg   . . .     Faith    .     c - +0 shield
rPois  .         Spirit   .     (helmet restricted)
rElec  .         Dismiss  .     K - +2 cloak {+Inv}
rCorr  .         Reflect  .     t - +0 pair of gloves
SustAt .         Harm     .     A - +0 pair of boots
MR     .....                    (no amulet)
Stlth  ..........               T - ring of magical power
                                k - ring of stealth

@: drained, not resistant to hostile enchantments, extremely unstealthy
A: retaliatory headbutt, horns 2
a: Triple Draw, Renounce Religion, Evoke Invisibility


You were on level 9 of the Dungeon.
You worshipped Nemelex Xobeh.
Nemelex Xobeh was most pleased with you.
You were full.

You visited 1 branch of the dungeon, and saw 9 of its levels.
You visited the Abyss 1 time.

You collected 500 gold pieces.

Inventory:

Hand Weapons
 a - a +2 war axe (weapon)
 D - a +0 hunting sling
 G - a +4 greatsling
Missiles
 n - 73 sling bullets
 H - 8 poisoned javelins (quivered)
Armour
 c - a +0 shield (worn)
 t - a +0 pair of gloves (worn)
 A - a +0 pair of boots (worn)
 K - a +2 cloak of invisibility (worn)
 P - a +3 chain mail of cold resistance (worn)
Jewellery
 k - a ring of stealth (left hand)
 C - an uncursed ring of protection from cold
 T - a ring of magical power (right hand)
Wands
 b - a wand of slowing (32/48)
 I - a wand of random effects (18/48)
 N - a wand of hasting (9/9)
 W - a wand of paralysis (12/24)
 X - a wand of random effects (11/48)
 Z - a wand of lightning (8/15)
Scrolls
 e - 3 scrolls of identify
 h - a scroll of fear
 l - 3 scrolls of random uselessness
 o - 2 scrolls of recharging
 r - 7 scrolls of teleportation
 w - a scroll of brand weapon {unknown}
 y - a scroll of immolation
 E - 2 scrolls of amnesia
 Y - a scroll of remove curse
Potions
 d - 2 potions of might
 g - a potion of flight
 i - 3 potions of degeneration {unknown}
 m - a potion of magic
 p - a potion of haste {unknown}
 s - 2 potions of curing
 u - a potion of mutation {unknown}
 v - 2 potions of heal wounds
 B - a potion of cancellation
 L - a potion of ambrosia {unknown}
Miscellaneous
 j - a plain deck of war {drawn: 4}
 z - a legendary deck of destruction
 J - a plain deck of war
 M - a plain deck of war
 Q - an ornate deck of destruction
 R - a plain deck of destruction
 S - a plain deck of war
Comestibles
 f - 10 bread rations
 q - 3 beef jerkies
 x - a slice of pizza
 O - 3 fruits
 V - 2 meat rations


   Skills:
 * Level 8.5(7.4) Fighting
 + Level 6.6(5.5) Axes
 + Level 1.2(0.2) Throwing
 * Level 9.8(8.6) Armour
 + Level 3.5(2.5) Dodging
 + Level 0.8(0.0) Stealth
 + Level 8.5(7.3) Shields
 + Level 0.3(0.0) Evocations


You had 8 spell levels left.
You didn't know any spells.

Dungeon Overview and Level Annotations

Branches:
Dungeon (9/15)             Temple (0/1) D:5            Lair (0/8) D:8
    Orc: D:9-12

Altars:
Ashenzari
Cheibriados
Makhleb
Nemelex Xobeh
Qazlal
Trog
Vehumet
Xom
Zin
The Shining One


Innate Abilities, Weirdness & Mutations

You reflexively headbutt those who attack you in melee.
You have a pair of horns on your head.


Message History

3 molten gargoyles and a lava snake come into view.
The lava snake hisses angrily. x2
The molten gargoyle blasts magma at you!
The bolt of magma hits you! The lava snake spits lava at you.
The glob of lava hits you!
* * * LOW HITPOINT WARNING * * *
The molten gargoyle moves out of view.
The molten gargoyle blasts magma at you!
The bolt of magma misses you.
The molten gargoyle blasts magma at you!
The bolt of magma hits you!
* * * LOW HITPOINT WARNING * * *
Found 8 gold pieces.
A troll comes into view.
The troll shouts!
The molten gargoyle blasts magma at you!
The bolt of magma hits you!
You die...
Your body disappears without a glow.

#...... #....## #. .
#####..#.#####.#. .
#...............# ...≈.≈...
##.##..#.#####$.# #.≈§≈≈§≈.
#.#<..# .. #$.# .≈≈≈≈≈9≈§
#.##.########..##.#.≈S88≈≈9
#.##.#..........T#..≈≈88≈§.
#.##.#.# #@#..#§S≈≈§≈≈≈
#.##.#.# #.###..9S§§≈≈.
#.##.#.# #.##.#..§≈§≈..
#.##.#.#######.###.#.#.#.#.
#.##.#.........9..#.#.#
#.##.#.#########.........
#.##.#.# ##########
#.##.#.## #.......#


You could see a troll and a molten gargoyle.

Vanquished Creatures
  Grinder (D:3)
  Sigmund (D:7)
  A spriggan (D:7)
  Eustachio (D:4)
  A small abomination (Abyss:1)
  Menkaure (D:6)
  Edmund (D:7)
  A water moccasin (D:5)
  2 orc warriors
  A sky beast (D:8)
  2 ogres
  A phantom (D:8)
  A centaur (D:6)
  A crocodile (D:8)
  3 giant frogs
  A gnoll sergeant (D:7)
  A scorpion (D:6)
  A howler monkey (D:7)
  A crimson imp (D:6)
  A gnoll shaman (D:4)
  4 orc priests
  A hound (D:8)
  4 orc wizards
  Crazy Yiuf (D:3)
  An iguana (D:5)
  Natasha (D:3)
  3 worker ants
  A hound skeleton (D:7)
  A howler monkey zombie (D:6)
  A worker ant zombie (D:5)
  8 adders
  21 gnolls
  A howler monkey skeleton (D:8)
  A river rat (D:8)
  3 shadow imps
  2 adder skeletons
  3 worms
  5 giant geckos
  38 orcs
  3 giant cockroaches
  7 hobgoblins
  9 kobolds
  3 quokkas
  12 bats
  5 giant newts
  7 goblins
  13 rats
  4 fungi (D:8)
  2 plants (D:8)
189 creatures vanquished.

Vanquished Creatures (others)
  An eye of draining (Abyss:1)
  2 fungi (D:8)
  A plant (D:8)
4 creatures vanquished.

Grand Total: 193 creatures vanquished

Notes
Turn   | Place    | Note
--------------------------------------------------------------
     0 | D:1      | magog001 the Minotaur Fighter began the quest for the Orb.
     0 | D:1      | Reached XP level 1. HP: 19/19 MP: 0/0
   420 | D:1      | Reached XP level 2. HP: 24/27 MP: 1/1
   792 | D:1      | Reached skill level 4 in Armour
   917 | D:2      | Reached XP level 3. HP: 18/33 MP: 2/2
  1091 | D:2      | Found a shimmering altar of Xom.
  1179 | D:2      | Found a sparkling altar of Nemelex Xobeh.
  1194 | D:2      | Became a worshipper of Nemelex Xobeh the Trickster
  1519 | D:2      | Received a gift from Nemelex Xobeh
  2231 | D:3      | Reached XP level 4. HP: 41/41 MP: 3/3
  2429 | D:3      | Noticed Grinder
  2442 | D:3      | Paralysed by Grinder for 5 turns
  2476 | D:3      | HP: 2/41 [Grinder (3)]
  2477 | D:3      | Killed Grinder
  2477 | D:3      | Reached skill level 5 in Fighting
  2477 | D:3      | Reached skill level 5 in Armour
  2477 | D:3      | Reached skill level 1 in Dodging
  2477 | D:3      | Reached XP level 5. HP: 3/48 MP: 4/4
  2477 | D:3      | Reached XP level 6. HP: 3/56 MP: 5/5
  2927 | D:3      | Noticed Natasha
  2932 | D:3      | Killed Natasha
  2932 | D:3      | Reached skill level 5 in Shields
  3145 | D:3      | Noticed Crazy Yiuf
  3158 | D:3      | Cast into level 1 of the Abyss (Crazy Yiuf)
  3172 | Abyss:1  | Noticed a raiju
  3278 | Abyss:1  | Received a gift from Nemelex Xobeh
  3283 | Abyss:1  | Reached * piety under Nemelex Xobeh
  3296 | Abyss:1  | Noticed a small abomination
  3335 | Abyss:1  | Killed a small abomination
  3335 | Abyss:1  | Reached skill level 6 in Armour
  3339 | D:3      | Escaped the Abyss
  3346 | D:3      | Killed Crazy Yiuf
  3650 | D:4      | Reached XP level 7. HP: 61/61 MP: 6/6
  3753 | D:4      | Received a gift from Nemelex Xobeh
  3785 | D:4      | Noticed Eustachio
  3818 | D:4      | Killed Eustachio
  4270 | D:5      | Entered Level 5 of the Dungeon
  4305 | D:5      | Found a snail-covered altar of Cheibriados.
  4384 | D:5      | Reached skill level 5 in Axes
  4384 | D:5      | Reached skill level 1 in Throwing
  4568 | D:5      | Reached XP level 8. HP: 71/71 MP: 7/7
  4568 | D:5      | Reached skill level 7 in Armour
  4644 | D:5      | Reached ** piety under Nemelex Xobeh
  4766 | D:5      | Found a staircase to the Ecumenical Temple.
  4793 | D:5      | Received a gift from Nemelex Xobeh
  5279 | D:6      | Noticed Menkaure
  5292 | D:6      | Killed Menkaure
  5726 | D:6      | Found a glowing golden altar of the Shining One.
  5917 | D:6      | Reached skill level 8 in Armour
  6190 | D:5      | Found a bloodstained altar of Trog.
  6789 | D:7      | Received a gift from Nemelex Xobeh
  6857 | D:7      | Found a glowing silver altar of Zin.
  6857 | D:7      | Found a bloodstained altar of Trog.
  7071 | D:7      | Reached XP level 9. HP: 53/79 MP: 8/8
  7356 | D:7      | Noticed Edmund
  7382 | D:7      | Killed Edmund
  7422 | D:7      | Noticed Sigmund
  7431 | D:7      | Killed Sigmund
  7575 | D:7      | Reached skill level 9 in Armour
  7773 | D:8      | Reached *** piety under Nemelex Xobeh
  7828 | D:8      | Received a gift from Nemelex Xobeh
  7872 | D:8      | Found a radiant altar of Vehumet.
  7912 | D:8      | Found a shattered altar of Ashenzari.
  7961 | D:8      | Got a transparent robe
  7977 | D:8      | Identified the +1 robe of the Grue {rF+ Stlth+} (You found it on level 8 of the Dungeon)
  7998 | D:8      | Found a stormy altar of Qazlal.
  8630 | D:8      | Found a staircase to the Lair.
  8675 | D:8      | Received a gift from Nemelex Xobeh
  8770 | D:8      | Found a burning altar of Makhleb.
  8999 | D:9      | Noticed a molten gargoyle
  9000 | D:9      | Noticed a molten gargoyle
  9000 | D:9      | Noticed a molten gargoyle
  9000 | D:9      | Noticed a molten gargoyle
  9004 | D:9      | HP: 1/82 [molten gargoyle/bolt of magma (9)]
  9008 | D:9      | Noticed a troll
  9008 | D:9      | Killed from afar by a molten gargoyle

Skill      XL: |  1  2  3  4  5  6  7  8  9 |
---------------+----------------------------+-----
Fighting       | 4 5 6 7 8 |  8.5
Armour         | 4 5 6 8 9 |  9.8
Shields        | 4 5 6 8 |  8.5
Axes           | 3 4 5 6 |  6.6
Dodging        | 1 2 3 |  3.5
Throwing       | 1 |  1.2
Stealth        | |  0.8
Evocations     | |  0.3

Action                   |  1- 3 |  4- 6 |  7- 9 || total
-------------------------+-------+-------+-------++-------
Melee: War axe           |   102 |   103 |   412 ||   617
       Headbutt          |    10 |    13 |    71 ||    94
 Fire: Greatsling        |       |     5 |       ||     5
Throw: Javelin           |       |       |    11 ||    11
Evoke: Deck              |       |     4 |       ||     4
  Use: Scroll            |       |       |    17 ||    17
       Potion            |       |       |     4 ||     4
  Eat: Chunk             |     4 |     1 |     2 ||     7
       Bread ration      |       |     1 |     2 ||     3
       Beef jerky        |       |     1 |       ||     1
       Meat ration       |       |       |     2 ||     2
Armor: Scale mail        |    10 |       |       ||    10
       Plate armour      |    54 |    43 |   107 ||   204
       Chain mail        |       |       |   163 ||   163
Dodge: Dodged            |    25 |    20 |   137 ||   182
Block: Shield            |    74 |    47 |   300 ||   421
